 Dungeon Crawl Stone Soup version 0.29-a0-330-g52719c12eb (webtiles) character file.

Game seed: 14283064004291375762

392 kae the Firebug (level 6, -3/39 HPs)
             Began as an Octopode Fire Elementalist on Apr 18, 2022.
             Slain by p0werm0de's ghost (8 damage)
             ... on level 3 of the Dungeon.
             The game lasted 00:03:43 (5531 turns).

kae the Firebug (Octopode Fire Elementalist)        Turns: 5531, Time: 00:03:44

Health: -3/39      AC:  5    Str:  7    XL:     6   Next: 81%
Magic:  10/10      EV: 13    Int: 20    God:
Gold:   156        SH:  0    Dex: 12    Spells: 1/10 levels left

rFire   . . .      SeeInvis .   d - +0 dagger (elec)
rCold   + . .      Faith    .   (no shield)
rNeg    . . .      Spirit   .   (helmet restricted)
rPois   .          Reflect  .   (no amulet)
rElec   .          Harm     .   g - +4 ring of protection
rCorr   .          Rampage  .   r - ring of protection from cold
Will    .....                   (no ring)
Stlth   ++........              (no ring)
HPRegen 0.13/turn               (no ring)
MPRegen 0.12/turn               (no ring)
                                (no ring)
                                (no ring)

@: confused, ambrosia-drunk
A: almost no armour, amphibious, 8 rings, camouflage 1, gelatinous body 1,
(nimble swimmer 1), tentacles
a: no special abilities


You were on level 3 of the Dungeon.
You visited 1 branch of the dungeon, and saw 4 of its levels.

You collected 281 gold pieces.
You spent 125 gold pieces at shops.

Inventory:

Hand Weapons
 d - a +0 dagger of electrocution (weapon)
Armour
 n - a +1 robe
Jewellery
 g - a +4 ring of protection (left tentacle)
 h - an amulet of regeneration
 q - an amulet of faith
 r - a ring of protection from cold (right tentacle)
Scrolls
 b - a scroll of brand weapon
 i - 2 scrolls of identify
Potions
 a - a potion of magic
 c - 2 potions of cancellation
 e - 4 potions of ambrosia
 f - 2 potions of attraction {unknown}
 j - 2 potions of curing
 k - a potion of heal wounds
 l - 2 potions of might {unknown}
 m - a potion of resistance {unknown}
 p - a potion of flight {unknown}
 s - a potion of brilliance {unknown}


   Skills:
 + Level 2.1 Fighting
 + Level 3.2 Dodging
 + Level 4.4 Stealth
 + Level 2.9 Spellcasting
 + Level 2.3 Conjurations
 * Level 4.8 Fire Magic


You had one spell level left.
You knew the following spells:

 Your Spells              Type           Power      Damage    Failure   Level
a - Foxfire               Conj/Fire      68%        2x1d7     3%          1
b - Scorch                Fire           44%        2d7       3%          2
c - Conjure Flame         Conj/Fire      17%        6-21      10%         3
d - Inner Flame           Hex/Fire       12%        N/A       16%         3

Your spell library contained the following spells:

 Spells                   Type           Power      Damage    Failure   Level
 Summon Small Mammal      Summ           8%         N/A       14%         1
 Flame Wave               Conj/Fire      17%        2d6       32%         4
 Call Canine Familiar     Summ           2%         N/A       41%         3
 Summon Guardian Golem    Hex/Summ       2%         N/A       41%         3
 Petrify                  Tmut/Erth      2%         N/A       82%         4
 Metabolic Englaciation   Hex/Ice        1%         N/A       99%         5
 Statue Form              Tmut/Erth      1%         N/A       100%        6


Dungeon Overview and Level Annotations

Branches:
Dungeon (4/15)
 Temple: D:4-7

Altars:
Okawaru

Shops:
D:2 *   D:4 (**

Portals:
Abyss: D:3

Annotations:
D:2 exclusion: ogre
D:3 1 transporter, p0werm0de's ghost, amateur VSFi
D:4 2 transporters, Pikel; kae's ghost, amateur OpFE


Innate Abilities, Weirdness & Mutations

You cannot wear most types of armour.
You are amphibious.
You can wear up to eight rings at the same time.
Your skin changes colour to match your surroundings (Stealth+).
Your rubbery body absorbs attacks. (AC +1, EV +1)
((You are camouflaged when in or above water. (Stealth+)))
You have tentacles for arms and can constrict up to eight enemies at once.


Message History

There is a transporter here.
You enter the transporter and appear at another place.
P0werm0de's ghost (amateur Vine Stalker Fighter) comes into view.
P0werm0de's ghost turns its malevolent gaze towards you.
You hear a shout!
Found a one-way gate to the infinite horrors of the Abyss.
As you read the scroll labelled SIFFIS FUYFA, it crumbles to dust.
It is a scroll of brand weapon.
Your +0 dagger crackles with electricity.
d - a +0 dagger of electrocution (weapon)
P0werm0de's ghost misses you. The small abomination hits you!
Unknown command.
P0werm0de's ghost whispers, "The ORB doesn't exist."
P0werm0de's ghost misses you.
The small abomination attacks as you move away!
The small abomination completely misses you.
You see here 13 gold pieces.
You now have 156 gold pieces (gained 13).
The small abomination hits you but does no damage.
Really wriggle into that dispersal trap?
You enter a dispersal trap!
P0werm0de's ghost blinks!
The kobold blinks!
P0werm0de's ghost blinks!
You blink.
P0werm0de's ghost hits you but does no damage.
P0werm0de's ghost closely misses you. The kobold completely misses you.
P0werm0de's ghost hits you.
Okay, then.
It was a potion of ambrosia.
You are confused.
You feel invigorated.
The small abomination barely misses you.
The kobold hits you with a +0 short sword of distortion.
P0werm0de's ghost barely misses you.
The small abomination barely misses you.
You bump into the rock wall.
P0werm0de's ghost hits you! The kobold hits you but does no damage.
You blink.
You bump into the metal wall.
The small abomination misses you.
You barely miss the small abomination. The small abomination hits you!
* * * LOW HITPOINT WARNING * * *
P0werm0de's ghost hits you!
You die...

#..## .#####.#..#.....##.........
#...##.#∩§©..?#.##...............
#....##..#.#^#.#.##...#.#######..
..†...#$.#...##^./#©..#.## ##.
....###?.####.##.##...#..## ##
#..## ..###.##..##....##..## #.
...# #.##....#..##...####..### ##
...# #...###.#.##..# ##...# #.
...##. #..###.Kx@.#).## ##...# ##
....#. #..#..#.W.##...# #....# #.
#...#.##..##..####....###....# ##
#...###....####©.............# #.
#...........##........###...># ##
#....................## #....# #.
#....................# #....# ##
#######.#######...#### ##...# #.
#.# ##..##########..# ##


You could see a small abomination, p0werm0de's ghost and a kobold.

Vanquished Creatures
  4 lemures (D:4)
  3 jellies (D:2)
  A hound (D:4)
  2 orc priests
  An orc wizard (D:4)
  4 adders
  2 worms
  2 dart slugs
  14 orcs
  17 endoplasms
  6 giant cockroaches
  11 goblins
  10 hobgoblins
  8 jackals
  5 quokkas
  8 ball pythons
  6 bats
  7 frilled lizards
  13 kobolds
  3 rats
127 creatures vanquished.

Vanquished Creatures (others)
  287 foxfires
  7 fungi (D:2)
  8 toadstools (D:2)
302 creatures vanquished.

Grand Total: 429 creatures vanquished

Notes
Turn   | Place    | Note
-------+----------+-------------------------------------------
     0 | D:1      | kae the Octopode Fire Elementalist began the quest for the
                  | Orb.
     0 | D:1      | Reached XP level 1. HP: 11/11 MP: 3/3
   416 | D:1      | Reached XP level 2. HP: 11/17 MP: 3/5
  1039 | D:1      | Reached XP level 3. HP: 18/22 MP: 6/6
  1624 | D:2      | Learned a level 2 spell: Scorch
  1628 | D:2      | Learned a level 3 spell: Conjure Flame
  1704 | D:2      | Noticed an ogre
  1726 | D:2      | Reached skill level 1 in Fighting
  1908 | D:2      | Reached XP level 4. HP: 24/28 MP: 5/7
  2128 | D:2      | Found Tuarauq's Assorted Antiques.
  2133 | D:2      | Bought a cyan potion for 20 gold pieces
  2133 | D:2      | Bought a sedimented red potion for 20 gold pieces
  2133 | D:2      | Bought a robe for 16 gold pieces
  2133 | D:2      | Bought a scroll labelled HAISEHAAME for 23 gold pieces
  2732 | D:2      | Reached XP level 5. HP: 21/33 MP: 2/8
  3402 | D:3      | Found an iron altar of Okawaru.
  3538 | D:3      | Found a transporter.
  3582 | D:3      | Reached XP level 6. HP: 39/39 MP: 3/10
  3816 | D:3      | Noticed a small abomination
  3913 | D:3      | Found a transporter.
  4657 | D:4      | Found Fefitoec's General Store.
  4660 | D:4      | Found Jaug's Specific Store.
  4771 | D:4      | Found Xadoib's Weapon Emporium.
  4849 | D:2      | Bought 2 scrolls labelled SIFFIS FUYFA for 46 gold pieces
  4882 | D:4      | Found a transporter.
  5054 | D:4      | Noticed kae's ghost (amateur OpFE)
  5064 | D:4      | Found a transporter.
  5414 | D:4      | Noticed Pikel
  5421 | D:4      | Learned a level 3 spell: Inner Flame
  5518 | D:3      | Noticed p0werm0de's ghost (amateur VSFi)
  5518 | D:3      | Found a one-way gate to the infinite horrors of the Abyss.
  5531 | D:3      | Slain by p0werm0de's ghost

Illustrated notes

Levels and vault maps discovered:
D:1:      erik_arrival_cave_to_civilisation [erik_arrival_cave_to_hall],
          layout_loops_ring, minmay_liquid_box, hangedman_feature_mirror
D:2:      cheibrodos_fertilizer, layout_rooms, serial_glass, glass_columns_a,
          glass_columns_a, glass_columns_a, glass_columns_a, glass_columns_c,
          glass_columns_a, serial_shops, nicolae_shop_hallway_stairs,
          minmay_fountain_box, minivault_23, kennysheep_generic_room_16
D:3:      layout_rooms, okawaru_gym_becter, gammafunk_ghost_abyssal_escape,
          roderic_roman_lattice, dk_noncrumbling_3
D:4:      layout_loops_corners, mainiacjoe_overflow_tiny_flanked, serial_shops,
          shop, gammafunk_ghost_arena, nicolae_specific_store,
          chequers_serial_rivers_small_b, uniq_pikel

Skill      XL: |  1  2  3  4  5  6 |
---------------+-------------------+-----
Stealth        | 3 4 |  4.4
Fighting       | 1 2 |  2.1
Fire Magic     | 4 |  4.8
Dodging        | 3 |  3.2
Conjurations   | 2 |  2.3
Spellcasting   | |  2.9

Action                   |  1- 3 |  4- 6 || total
-------------------------+-------+-------++-------
Melee: Dagger            |    73 |    51 ||   124
       Constrict         |    19 |     8 ||    27
       Tentacles         |    17 |    19 ||    36
       Punch             |     1 |       ||     1
 Cast: Foxfire           |    30 |   140 ||   170
       Scorch            |       |    32 ||    32
       Conjure Flame     |       |     1 ||     1
  Use: Scroll            |       |     6 ||     6
       Potion            |       |     2 ||     2
 Stab: Sleeping          |     8 |     1 ||     9
Armor: Skin              |    24 |    22 ||    46
Dodge: Dodged            |    57 |    56 ||   113

Table legend: (Time is in decaauts)
 A = Elapsed time spent in this place.
 B = Non-inter-level travel time spent in this place.
 C = Inter-level travel time spent in this place.
 D = Time resting spent in this place.
 E = Time spent auto-exploring this place.
 F = Levels seen in this place.
 G = Mean time per level.
                   A        B        C        D        E       F      G
               +--------+--------+--------+--------+--------+-----+--------+
         Total |   5531 |   5249 |    282 |    486 |   3823 |   4 | 1382.8 |
       Dungeon |   5531 |   5249 |    282 |    486 |   3823 |   4 | 1382.8 |
               +--------+--------+--------+--------+--------+-----+--------+

Top non-repeatable levels by time:
     D:2: 1733 daAuts
     D:1: 1615 daAuts
     D:4: 1102 daAuts
     D:3: 1080 daAuts
